 Dungeon Crawl Stone Soup version 0.18.1-50-g88ac8fd (webtiles) character file.

282 Gianozzolo the Changer (level 6, 0/47 HPs)
             Began as a Draconian Transmuter on Nov 29, 2017.
             Slain by an orc priest
             ... wielding a +0 hand axe of chopping
              (4 damage)
             ... on level 4 of the Dungeon.
             The game lasted 00:05:47 (2593 turns).

Gianozzolo the Changer (Draconian Transmuter)       Turns: 2593, Time: 00:05:48

Health: 0/47       AC:  7    Str: 12    XL:     6   Next: 6%
Magic:  6/9        EV: 12    Int: 15    God:
Gold:   104        SH:  0    Dex: 12    Spells: 2 memorised, 5 levels left

rFire  . . .     SeeInvis .       - Unarmed
rCold  . . .     Gourm    .     (armour unavailable)
rNeg   . . .     Faith    .     (no shield)
rPois  +         Spirit   .     (helmet restricted)
rElec  .         Dismiss  .     i - +0 cloak
rCorr  +         Reflect  .     (no gloves)
SustAt .         Harm     .     (no boots)
MR     .....                    (no amulet)
Stlth  +.........               n - ring of poison resistance
                                h - ring of resist corrosion

@: not resistant to hostile enchantments, very unstealthy
A: unfitting armour, cold-blooded, AC +6
a: no special abilities


You were on level 4 of the Dungeon.
You were very hungry.

You visited 1 branch of the dungeon, and saw 4 of its levels.

You collected 104 gold pieces.

Inventory:

Armour
 i - a +0 cloak (worn)
Jewellery
 h - a ring of resist corrosion (left hand)
 n - a ring of poison resistance (right hand)
Scrolls
 e - a scroll of amnesia {unknown}
 l - a scroll of recharging
 q - a scroll of fear
 r - a scroll of magic mapping {unknown}
 t - 3 scrolls of remove curse
Potions
 d - 3 potions of degeneration
 f - 3 potions of magic
 j - a potion of haste {unknown}
 m - a potion of resistance
 o - a potion of flight
Books
 b - a book of Changes

   Spells                             Type                      Level
   a - Beastly Appendage              Transmutation                1
   b - Sticks to Snakes               Transmutation                2
   c - Spider Form                    Transmutation/Poison         3
   d - Ice Form                       Ice/Transmutation            4
   e - Blade Hands                    Transmutation                5
Comestibles
 a - a slice of pizza
 c - 2 bread rations
 k - a meat ration


   Skills:
 - Level 1.1 Fighting
 - Level 1.7 Dodging
 + Level 4.5 Unarmed Combat
 - Level 2.0 Spellcasting
 * Level 5.2 Transmutations
 - Level 1.0 Poison Magic


You had 5 spell levels left.
You knew the following spells:

 Your Spells              Type           Power        Failure   Level  Hunger
a - Beastly Appendage     Trmt           ###...       2%          1    #......
b - Spider Form           Trmt/Pois      ##........   21%         3    ###....


Dungeon Overview and Level Annotations

Branches:
Dungeon (4/15)
 Temple: D:4-7

Altars:
Pakellas
Ru


Innate Abilities, Weirdness & Mutations

Your plain brown scales are hard (AC +6).
Your body does not fit into most forms of armour.
You are cold-blooded and may be slowed by cold attacks.


Message History

You barely miss the orc priest.
The orc priest invokes the aid of Beogh against you.
Pain shoots through your body!
* * * LOW HITPOINT WARNING * * *
You hit the orc priest.
The orc priest is heavily wounded.
The orc priest hits you with a hand axe of chopping.
* * * LOW HITPOINT WARNING * * *
x2 You hit the orc priest.
The orc priest is poisoned.
The orc priest is heavily wounded.
You hit the orc priest but do no damage.
The orc priest looks even sicker.
The orc priest is heavily wounded.
Your transformation has ended.
Your +0 cloak unmelds from your body.
The orc priest hits you but does no damage.
You closely miss the orc priest.
The orc priest is severely wounded.
The orc priest hits you with a hand axe of chopping.
You die...

#. ... .... .....
##+###...# #...@o...#
#.########### ###
#............ ...
#.####.####.####.####
#.#..+.+ #.#..+.+..#
#.#..#.# #.#..#.#..#
#.##'#.##+#.##'#.##'#
#....................
#.##'#.##+#.##'#.##'#


You could see an orc priest.

Vanquished Creatures
  A scorpion (D:4)
  A quasit (D:3)
  An orc wizard (D:4)
  Jessica (D:3)
  A hound skeleton (D:4)
  5 adders
  A worm (D:3)
  5 dart slugs
  A giant gecko (D:2)
  3 orcs
  4 giant cockroaches
  7 goblins
  7 hobgoblins
  13 jackals
  5 kobolds
  2 quokkas
  2 ball pythons
  4 bats
  A giant gecko skeleton (D:4)
  2 giant newts
  6 rats
73 creatures vanquished.

Notes
Turn   | Place    | Note
--------------------------------------------------------------
     0 | D:1      | Gianozzolo the Draconian Transmuter began the quest for the Orb.
     0 | D:1      | Reached XP level 1. HP: 16/16 MP: 3/3
   415 | D:1      | Reached XP level 2. HP: 21/23 MP: 3/5
   685 | D:1      | Reached skill level 3 in Transmutations
   685 | D:1      | Reached XP level 3. HP: 27/28 MP: 6/6
   690 | D:1      | Learned a level 3 spell: Spider Form
  1130 | D:2      | Noticed a killer bee
  1478 | D:3      | Reached XP level 4. HP: 35/35 MP: 3/7
  1486 | D:3      | Reached skill level 1 in Poison Magic
  1623 | D:3      | Reached skill level 4 in Transmutations
  1762 | D:3      | Reached XP level 5. HP: 30/40 MP: 8/8
  1793 | D:3      | Found a sacrificial altar of Ru.
  1823 | D:3      | Noticed Jessica
  1832 | D:3      | Killed Jessica
  2018 | D:3      | Found an oddly glowing altar of Pakellas.
  2018 | D:3      | Noticed a rakshasa
  2100 | D:4      | Noticed a phantom
  2503 | D:4      | Reached skill level 5 in Transmutations
  2586 | D:4      | Reached XP level 6. HP: 22/47 MP: 5/9
  2593 | D:4      | Slain by an orc priest

Skill      XL: |  1  2  3  4  5 |
---------------+----------------+-----
Transmutations | 3 4 5 |  5.2
Poison Magic   | 1 |  1.0
Unarmed Combat | 4 |  4.5
Fighting       | |  1.1
Dodging        | |  1.7
Spellcasting   | |  2.0

Action                   |  1- 3 |  4- 6 || total
-------------------------+-------+-------++-------
Melee: Unarmed           |   136 |   154 ||   290
       Kick              |    16 |     5 ||    21
       Tailslap          |    12 |    11 ||    23
       Punch             |     3 |       ||     3
       Headbutt          |     2 |     4 ||     6
 Cast: Beastly Appendage |    20 |     7 ||    27
       Spider Form       |     3 |     8 ||    11
  Use: Scroll            |       |     9 ||     9
 Stab: Sleeping          |     1 |     1 ||     2
  Eat: Chunk             |     3 |     4 ||     7
Armor: Skin              |    32 |    43 ||    75
Dodge: Dodged            |    88 |   108 ||   196
